 Dungeon Crawl Stone Soup version 0.30-a0-122-g2a1322497e (webtiles) character file.

Game seed: 11307129244907651512

72 greasedhog the Vexing (level 4, -1/25 HPs)
             Began as a Gargoyle Hexslinger on Sept 15, 2022.
             Slain by an orc
             ... wielding a +0 flail
              (6 damage)
             ... on level 3 of the Dungeon.
             The game lasted 00:02:46 (1865 turns).

greasedhog the Vexing (Gargoyle Hexslinger)         Turns: 1865, Time: 00:02:47

Health: -1/25      AC:  5    Str: 13    XL:     4   Next: 25%
Magic:  3/5        EV: 12    Int: 14    God:
Gold:   94         SH:  0    Dex: 12    Spells: 4/5 levels left

rFire   . . .      SeeInvis .    a - +1 sling
rCold   . . .      Faith    .    (no shield)
rNeg    + . .      Spirit   .    c - +0 robe
rPois   ∞          Reflect  .    (no helmet)
rElec   +          Harm     .    (no cloak)
rCorr   .          Rampage  .    (no gloves)
Will    +....                    (no boots)
Stlth   +.........               (no amulet)
HPRegen 0.08/turn                f - ring of willpower
MPRegen 0.09/turn                p - ring of wizardry

@: no status effects
A: sickness immunity, AC +3, negative energy resistance 1, electricity
resistance, torment resistance 1, petrification resistance
a: no special abilities


You were on level 3 of the Dungeon.
You visited 1 branch of the dungeon, and saw 3 of its levels.

You collected 94 gold pieces.

Inventory:

Hand Weapons
 a - a +1 sling (weapon)
Armour
 c - a +0 robe (worn)
Jewellery
 f - a ring of willpower (left hand)
 h - a ring of willpower
 p - a ring of wizardry (right hand)
Wands
 n - a wand of iceblast (11)
Scrolls
 b - 2 scrolls of poison
 e - 2 scrolls of enchant weapon {unknown}
 g - a scroll of teleportation {unknown}
 j - a scroll of amnesia {unknown}
 l - a scroll of noise {unknown}
 m - a scroll of silence {unknown}
Potions
 d - 4 potions of lignification {unknown}
 i - a potion of heal wounds {unknown}
 k - a potion of magic {unknown}
 o - a potion of resistance {unknown}


   Skills:
 - Level 1.1 Fighting
 * Level 3.3 Ranged Weapons
 - Level 1.5 Dodging
 - Level 1.0 Spellcasting
 * Level 3.7 Hexes


You had 4 spell levels left.
You knew the following spells:

 Your Spells              Type           Power      Damage    Failure   Level
a - Slow                  Hex            44%        N/A       2%          1

Your spell library contained the following spells:

 Spells                   Type           Power      Damage    Failure   Level
 Confusing Touch          Hex            11%        N/A       7%          3
 Necrotise                Necr           0%         1d4       11%         1
 Inner Flame              Hex/Fire       5%         N/A       16%         3
 Portal Projectile        Hex/Tloc       10%        N/A       16%         3
 Cause Fear               Hex            5%         N/A       22%         4
 Vampiric Draining        Necr           0%         2d6       30%         3
 Yara's Violent Unravell  Hex/Tmut       2%         3d3       77%         5
 Agony                    Necr           0%         N/A       94%         5
 Enfeeble                 Hex            5%         N/A       100%        7


Dungeon Overview and Level Annotations

Branches:
Dungeon (3/15)

Altars:
Qazlal


Innate Abilities, Weirdness & Mutations

You are immune to sickness and miasma.
Your stone body is resilient. (AC +3)
You are immune to poison.
You resist negative energy. (rN+)
You are resistant to electric shocks. (rElec)
You are resistant to unholy torment.
You are immune to petrification.


Message History

The orc barely misses you. Natasha completely misses you.
You shoot a sling bullet.
The sling bullet hits Natasha but does no damage.
Natasha is almost dead.
The orc barely misses you. x2; Natasha barely misses you.
You shoot a sling bullet.
The sling bullet hits Natasha but does no damage.
Natasha is almost dead.
Natasha is no longer moving slowly.
The orc hits you with a +0 flail!
You shoot a sling bullet. The sling bullet hits Natasha.
Natasha is almost dead.
Natasha claws you. The orc completely misses you.
Unknown command.
Natasha closely misses you.
You shoot a sling bullet.
The sling bullet hits Natasha but does no damage.
Natasha is almost dead.
Natasha stares at you and mumbles some strange words.
The magic dart hits you.
* * * LOW HITPOINT WARNING * * *
The crimson imp blinks!
Aiming: Slow (safe; 2% risk of failure)
Press: ? - help, Q - select action, (/) - cycle Shift-Dir - straight line, f/p - Natasha
Aim: Natasha (almost dead, chance to affect: 47%) Natasha seems to slow down.
Natasha claws you.
* * * LOW HITPOINT WARNING * * *
Fire: a) +1 sling
Press: ? - help, Q - select action, (/) - cycle Shift-Dir - straight line, f/p - Natasha
Aim: Natasha (almost dead, slow, 47% to hit)
You shoot a sling bullet. The sling bullet hits Natasha.
You kill Natasha!
Natasha yowls pathetically as she dies!
The crimson imp disappears in a puff of smoke!
You have reached level 4!
You feel clever. The orc attacks as you move away!
The orc hits you with a +0 flail.
* * * LOW HITPOINT WARNING * * *
The orc attacks as you move away! The orc hits you with a +0 flail.
You die...

#... #.[..# ...
##.### ... #.# ## ..
######.#
..#.##.#####...##.#
#.#...#............#
#....o#######.#....#
#.oo.#.<..#....#
####@#..###.##..#
#.........###.#
########### .# .# .#


You could see 3 orcs.

Vanquished Creatures
  Natasha (D:3)
  An adder (D:2)
  A worm (D:2)
  2 dart slugs
  4 ball pythons
  An endoplasm (D:1)
  2 giant cockroaches (D:1)
  3 goblins
  4 hobgoblins
  2 jackals (D:1)
  A bat (D:1)
  3 frilled lizards (D:1)
  A kobold (D:1)
  5 rats
31 creatures vanquished.

Notes
Turn   | Place    | Note
-------+----------+-------------------------------------------
     0 | D:1      | greasedhog the Gargoyle Hexslinger began the quest for the
                  | Orb.
     0 | D:1      | Reached XP level 1. HP: 12/12 MP: 2/2
   219 | D:1      | Reached XP level 2. HP: 16/16 MP: 3/3
   335 | D:1      | Found a faded altar of an unknown god.
   714 | D:1      | Reached XP level 3. HP: 17/20 MP: 4/4
   809 | D:2      | Found a stormy altar of Qazlal.
  1848 | D:3      | Noticed Natasha
  1863 | D:3      | Killed Natasha
  1864 | D:3      | Reached XP level 4. HP: 7/25 MP: 3/5
  1865 | D:3      | Slain by an orc

Illustrated notes

Levels and vault maps discovered:
D:1:      dpeg_arrival_shrine, layout_loops_ring, ebering_ecumenical_altar_mist
D:2:      layout_rooms, basic_altar, minmay_heptomino_h4
D:3:      minmay_door_path, layout_basic, nicolae_overflow_quartered_altars,
          uniq_natasha

Skill      XL: |  1  2  3 |
---------------+----------+-----
Hexes          | 3 |  3.7
Ranged Weapons | 3 |  3.3
Fighting       | |  1.1
Dodging        | |  1.5
Spellcasting   | |  1.0

Action                   |  1- 3 |  4- 6 || total
-------------------------+-------+-------++-------
 Fire: Sling             |   127 |       ||   127
 Cast: Slow              |    12 |       ||    12
Armor: Robe              |    23 |       ||    23
Dodge: Dodged            |    48 |       ||    48

Table legend: (Time is in decaauts)
 A = Elapsed time spent in this place.
 B = Non-inter-level travel time spent in this place.
 C = Inter-level travel time spent in this place.
 D = Time resting spent in this place.
 E = Time spent auto-exploring this place.
 F = Levels seen in this place.
 G = Mean time per level.
                   A        B        C        D        E       F      G
               +--------+--------+--------+--------+--------+-----+--------+
         Total |   1897 |   1870 |     27 |    206 |   1397 |   3 |  632.3 |
       Dungeon |   1897 |   1870 |     27 |    206 |   1397 |   3 |  632.3 |
               +--------+--------+--------+--------+--------+-----+--------+

Top non-repeatable levels by time:
     D:1: 1034 daAuts
     D:2: 805 daAuts
     D:3: 57 daAuts
